 Dungeon Crawl Stone Soup version 0.23.1 (webtiles) character file.

Game seed: 236915160677066995

23 Descartes the Magician (level 2, 0/14 HPs)
             Began as a Vine Stalker Wanderer on Mar 2, 2019.
             Succumbed to an adder's poison
             ... on level 2 of the Dungeon.
             The game lasted 00:02:35 (751 turns).

Descartes the Magician (Vine Stalker Wanderer)       Turns: 751, Time: 00:02:35

Health: 0/14       AC:  5    Str: 15    XL:     2   Next: 95%
Magic:  6/6        EV: 10    Int: 12    God:
Gold:   56         SH:  0    Dex: 12    Spells: 4/5 levels left

rFire    . . .     SeeInvis .   a - +2 dagger
rCold    . . .     Gourm    .   (no shield)
rNeg     . . .     Faith    .   d - +0 ring mail
rPois    .         Spirit   +   (no helmet)
rElec    .         Reflect  .   (no cloak)
rCorr    .         Harm     .   (no gloves)
MR       .....                  (no boots)
Stlth    ..........             (no amulet)
HPRegen  0.04/turn              (no ring)
MPRegen  0.10/turn              (no ring)

@: confused, lethally poisoned (0 -> -11)
A: fangs 2, magic shield, antimagic bite, no potion heal 3, rot immunity
a: no special abilities


You were on level 2 of the Dungeon.
You were not hungry.

You visited 1 branch of the dungeon, and saw 2 of its levels.

You collected 56 gold pieces.

Inventory:

Hand Weapons
 a - a +2 dagger (weapon)
Missiles
 g - 11 arrows
Armour
 d - a +0 ring mail (worn)
Scrolls
 i - a scroll of identify {unknown}
Potions
 b - a potion of haste
 e - a potion of cancellation {unknown}
 h - a potion of lignification {unknown}
 j - a potion of curing {unknown}
Comestibles
 f - 3 rations


   Skills:
 + Level 1.1 Fighting
 - Level 1.5 Armour
 * Level 0.4 Dodging
 - Level 1.2 Stealth
 * Level 0.8 Unarmed Combat
 * Level 2.4 Spellcasting
 * Level 0.9 Conjurations
   Level 1.0 Charms
   Level 2.0 Translocations
 * Level 0.9 Fire Magic
   Level 1.0 Evocations


You had 4 spell levels left.
You knew the following spells:

 Your Spells              Type           Power        Failure   Level  Hunger
a - Flame Tongue          Conj/Fire      #....        34%         1    ##.....

Your spell library contained the following spells:

 Spells                   Type           Power        Failure   Level  Hunger
 Inner Flame              Hex/Fire       #.......     77%         3    ####...


Dungeon Overview and Level Annotations

Branches:
Dungeon (2/15)

Altars:


Innate Abilities, Weirdness & Mutations

You have extremely sharp teeth.
When hurt, damage is shared between your health and your magic reserves.
Your bite disrupts and absorbs the magic of your enemies.
Potions cannot restore your health.
You are immune to rotting.


Message History

an adder corpse; a leopard gecko corpse Butcher an adder corpse? [(y)es/(n)o/(a)ll/(q)uit/?]
Butcher a leopard gecko corpse? [(y)es/(n)o/(a)ll/(q)uit/?]
There isn't anything else to butcher here.
Sorry, you're not good enough to have a special ability.
Sorry, you're not good enough to have a special ability.
Butcher an adder corpse? [(y)es/(n)o/(a)ll/(q)uit/?]
You butcher the adder corpse.
You stop butchering the corpse.
* * * LOW HITPOINT WARNING * * *
You feel sick.
There is a lethal amount of poison in your body!
* * * LOW HITPOINT WARNING * * *
You feel sick.
It was a potion of ambrosia.
You are confused.
Your system rejects the healing.
You feel invigorated.
* * * LOW HITPOINT WARNING * * *
You feel sick.
Okay, then.
You die...

### #<# #....
#.# .>...
############.#
#.....
#......#.....#
#.....
#.####.#.##..#
....##.#
#.#.##..#
...#.#
#.#.##..#
######.#@#
#.#.##..#
?........#
#.).....#
######.###
###.###.# ...
#.....# #...
####### ....S
##.##. .. ..
## ##


There were no monsters in sight!

Vanquished Creatures
  An adder (D:2)
  A dart slug (D:1)
  A leopard gecko (D:2)
  A bat (D:1)
  2 giant cockroaches (D:1)
  A goblin (D:1)
  A kobold (D:1)
  4 rats (D:1)
12 creatures vanquished.

Notes
Turn   | Place    | Note
-------+----------+-------------------------------------------
     0 | D:1      | Descartes the Vine Stalker Wanderer began the quest for the
                  | Orb.
     0 | D:1      | Descartes set off with the following items: a +2 dagger, a
                  | potion of haste, a +0 ring mail, a ration; and the
                  | following spell memorised: Flame Tongue; and the following
                  | spells available to memorise: Inner Flame
     0 | D:1      | Reached XP level 1. HP: 10/10 MP: 4/4
   301 | D:1      | Reached XP level 2. HP: 11/14 MP: 6/6
   751 | D:2      | Succumbed to an adder's poison

Action                   || total
-------------------------++-------
Melee: Dagger            ||    25
       Bite              ||     4
  Use: Potion            ||     1
Armor: Ring mail         ||     7
Dodge: Dodged            ||     7
